AoeStats
← Reis

MegaRandom

504574063Analyzed
4v4 RM · 28d ago on Sep 5, 2026· 51m 50s· 8 players
Game mode
Random Map
Map size
Large (8 player)
Population
200
Speed
Normal
Resources
Standard
Victory
Conquest
Starting age
Dark Age
Ending age
Imperial Age
RankedLock teamsTeams togetherTeam positionsShared explorationLock speedFull tech treeHidden civsTurbo modeCheats
Victory
Defeat
🇫🇷 Khmer · France
1446
+16
🇩🇰 Ethiopians · Denmark
1445
+17
🇩🇪 Muisca · Germany
1442
+17
🇨🇭 Bulgarians · Switzerland
1432
+17
🇸🇻 Vietnamese · El Salvador
1625
-24
🇩🇿 Britons · Algeria
1483
-18
🇪🇸 Saracens · Spain
1370
-13
🇲🇽 Tatars · Mexico
1348
-12
w h i z.
7:00 Loom
9:44 Feudal Age
10:27 Double-Bit Axe
13:41 Fletching
18:15 Horse Collar
22:06 Castle Age
20:26 Stone Mining
21:34 Padded Archer Armor
21:27 Gold Mining
23:24 Bow Saw
23:11 Bodkin Arrow
23:33 Leather Archer Armor
23:41 Heavy Plow
25:44 Ballistics
26:32 Wheelbarrow
30:15 Imperial Age
32:19 Chemistry
32:23 Gold Shaft Mining
32:11 Bracer
33:29 Elite Guecha Warrior
34:35 Block Printing
35:31 Sanctity
37:58 Conscription
38:19 Hand Cart
38:06 Scale Mail Armor
38:17 Forging
44:42 Two-Man Saw
50:09 Herbalism
49:33 Champi Runner
50:13 Squires
50:54 Chain Mail Armor
51:15 Iron Casting
50:49 Champi Warrior
52:05 Plate Mail Armor
Reis
10:07 Feudal Age
15:10 Castle Age
13:41 Double-Bit Axe
15:00 Loom
17:56 Scale Barding Armor
22:52 Fletching
23:58 Bodkin Arrow
46:25 Bow Saw
46:55 Wheelbarrow
46:55 Horse Collar
48:27 Stone Mining
49:02 Heavy Plow
WalfTheWolf
5:48 Loom
10:15 Feudal Age
11:01 Double-Bit Axe
13:46 Fletching
15:55 Horse Collar
16:22 Padded Archer Armor
19:54 Wheelbarrow
23:42 Castle Age
24:10 Gold Mining
24:09 Crossbowman
24:55 Thumb Ring
24:47 Bodkin Arrow
26:48 Leather Archer Armor
35:57 Ballistics
36:50 Forging
37:54 Squires
41:00 Imperial Age
41:00 Hand Cart
41:26 Bow Saw
42:20 Arbalester
43:10 Bracer
43:54 Ring Archer Armor
43:32 Heavy Plow
45:03 Chemistry
50:29 Two-Man Saw
50:09 Gold Shaft Mining
49:25 Stone Mining
CrazyBen
9:53 Feudal Age
12:49 Castle Age
10:40 Double-Bit Axe
12:10 Loom
17:10 Horse Collar
22:43 Scale Barding Armor
23:05 Husbandry
24:42 Bloodlines
25:10 Gold Mining
30:18 Wheelbarrow
31:32 Hand Cart
32:46 Light Cavalry
34:19 Bow Saw
35:02 Ballistics
36:03 Fletching
39:31 Imperial Age
37:08 Bodkin Arrow
44:11 Heavy Scorpion
46:14 Chemistry
45:09 Pikeman
46:27 Double Crossbow
47:57 Siege Engineers
47:16 Capped Ram
47:57 Halberdier
48:23 Siege Ram
Pez4
6:20 Loom
9:28 Feudal Age
10:14 Double-Bit Axe
10:13 Horse Collar
18:06 Wheelbarrow
20:29 Gold Mining
23:49 Castle Age
22:06 Bloodlines
22:04 Scale Barding Armor
22:03 Stone Mining
24:04 Forging
25:32 Chain Barding Armor
25:49 Gold Shaft Mining
25:18 Heavy Plow
25:31 Bow Saw
35:04 Iron Casting
JesusVII
3:29 Loom
9:25 Feudal Age
9:54 Double-Bit Axe
10:35 Horse Collar
17:08 Fletching
20:02 Padded Archer Armor
24:19 Castle Age
23:19 Stone Mining
24:32 Elite Skirmisher
25:24 Bodkin Arrow
26:12 Wheelbarrow
27:30 Leather Archer Armor
28:09 Husbandry
29:23 Bloodlines
36:03 Light Cavalry
38:01 Gold Mining
39:13 Scale Barding Armor
41:15 Chain Barding Armor
44:51 Imperial Age
45:35 Bracer
50:54 Plate Barding Armor
51:23 Forging
Anonymous
5:06 Loom
9:49 Feudal Age
12:55 Double-Bit Axe
14:40 Fletching
16:38 Padded Archer Armor
17:54 Horse Collar
23:42 Castle Age
22:05 Gold Mining
24:20 Bodkin Arrow
24:28 Crossbowman
30:16 Leather Archer Armor
33:08 Elite Skirmisher
Jozzif
10:26 Feudal Age
11:20 Loom
12:36 Double-Bit Axe
16:16 Castle Age
14:06 Horse Collar
15:48 Scale Barding Armor
19:43 Chain Barding Armor
25:55 Forging
28:28 Husbandry
29:52 Wheelbarrow
30:44 Fervor
30:55 Sanctity
31:48 Iron Casting
34:01 Hand Cart
37:18 Imperial Age
34:41 Fletching
35:41 Light Cavalry
36:39 Bodkin Arrow
36:57 Bow Saw
37:52 Heavy Plow
38:37 Plate Barding Armor
37:41 Cavalier
38:41 Padded Archer Armor
39:12 Conscription
39:59 Bracer
41:00 Blast Furnace
40:21 Squires
41:10 Leather Archer Armor
40:39 Treadmill Crane
42:26 Two-Man Saw
43:13 Chemistry
43:46 Hoardings
43:51 Ballistics
46:18 Ring Archer Armor
47:59 Yeomen
47:51 Elite Longbowman
49:25 Warwolf
50:17 Siphons
50:29 Siege Engineers
50:09 Onager
Connection lost

Rejoining the realm…

Still unreachable

The connection could not be restored.

Session expired

The server has moved on; the page needs a fresh start.